 Dungeon Crawl Stone Soup version 0.17.2 (webtiles) character file.

462 Goblin1989 the Insei (level 6, -5/47 HPs)
             Began as a Demonspawn Monk on May 27, 2016.
             Slain by an ogre
             ... wielding a +0 giant club
              (14 damage)
             ... on level 4 of the Dungeon.
             The game lasted 00:06:27 (2624 turns).

Goblin1989 the Insei (Demonspawn Monk)              Turns: 2624, Time: 00:06:27

Health: -5/47      AC:  6    Str: 13    XL:     6   Next: 79%
Magic:  6/6        EV: 11    Int: 12    God:
Gold:   138        SH:  0    Dex: 15    Spells: 0 memorised, 5 levels left

rFire  . . .     SeeInvis .       - Unarmed
rCold  . . .     Clarity  .     q - +0 ring mail
rNeg   . . .     SustAt   .     (no shield)
rPois  .         Gourm    .     (helmet restricted)
rElec  .         Spirit   .     l - +0 cloak
rCorr  .         Warding  .     (no gloves)
rMut   .         Stasis   .     (no boots)
MR     .....                    (no amulet)
Stlth  +.........               (no ring)
                                (no ring)

@: not resistant to hostile enchantments, very unstealthy
A: horns 1, powered by death 1, spiny 1
a: no special abilities


You were on level 4 of the Dungeon.
You were not hungry.

You visited 1 branch of the dungeon, and saw 4 of its levels.

You collected 138 gold pieces.

Inventory:

Armour
 l - a +0 cloak (worn)
 q - a +0 ring mail (worn)
Wands
 a - a wand of flame (26)
 s - a wand of magic darts (18)
Scrolls
 e - a scroll of blinking {unknown}
 g - 6 scrolls of identify {unknown}
 i - a scroll of recharging {unknown}
 j - 2 scrolls of noise {unknown}
 m - a scroll of remove curse {unknown}
 o - 2 scrolls of magic mapping {unknown}
 r - a scroll of random uselessness {unknown}
 t - a scroll of fog {unknown}
 u - a scroll of immolation {unknown}
Potions
 c - a potion of agility {unknown}
 f - a potion of haste {unknown}
 k - 2 potions of poison {unknown}
 n - 3 potions of heal wounds
 p - a potion of mutation {unknown}
Comestibles
 b - 3 bread rations
 d - a meat ration
 h - a royal jelly


   Skills:
 - Level 3.0 Fighting
 - Level 2.6 Dodging
 - Level 1.7 Stealth
 * Level 7.5 Unarmed Combat


You had 5 spell levels left.
You didn't know any spells.

Dungeon Overview and Level Annotations

Branches:
Dungeon (4/15)
 Temple: D:4-7

Altars:
Kikubaaqudgha
Okawaru


Innate Abilities, Weirdness & Mutations

You have a pair of small horns on your head.
You regenerate a little health from kills.
You are partially covered in sharp spines.


Message History

The ogre hits you with a giant club!!
You are too injured to fight recklessly!
You are too injured to fight recklessly!
You are too injured to fight recklessly!
You are too injured to fight recklessly!
You are too injured to fight recklessly!
You are too injured to fight recklessly!
You are too injured to fight recklessly!
You are too injured to fight recklessly!
You are too injured to fight recklessly!
You are too injured to fight recklessly!
You are too injured to fight recklessly!
You are too injured to fight recklessly!
You hit the ogre.
Your ring mail prevents you from hitting the ogre.
The ogre is struck by your spines. The ogre hits you with a giant club!!
* * * LOW HITPOINT WARNING * * *
You punch the ogre! The ogre is struck by your spines.
The ogre hits you with a giant club!
You die...

#.# # #......# #..#
.##...##.### ...# ##.#..## #.#
.#.###....# ###.## ##.#.#....#
###....## #..#...#.# #........
##.##..##.# #........
###########.....#.#.# #......##
..."..........O@....####.######
#####.........##.........#
#..####....#....####### #..#
####...#....# #.# #........#.##
........###.###### ### #### ###


You could see an ogre.

Vanquished Creatures
  2 vampire bats (D:3)
  A centaur skeleton (D:4)
  An orc priest (D:3)
  Ijyb (D:2)
  Terence (D:2)
  An orc wizard (D:3)
  Robin (D:2)
  5 gnolls
  4 adders
  A shadow imp (D:3)
  2 oozes
  4 worms
  6 giant geckos
  5 orcs (D:3)
  2 bat skeletons (D:3)
  4 bat zombies (D:3)
  13 hobgoblins
  3 jackals (D:2)
  9 kobolds
  2 quokkas
  11 bats
  8 giant cockroaches
  4 giant newts
  19 goblins
  11 rats
121 creatures vanquished.

Notes
Turn   | Place    | Note
--------------------------------------------------------------
     0 | D:1      | Goblin1989 the Demonspawn Monk began the quest for the Orb.
     0 | D:1      | Reached XP level 1. HP: 18/18 MP: 1/1
   419 | D:1      | Reached skill level 4 in Unarmed Combat
   423 | D:1      | Gained mutation: You regenerate a little health from kills. [demonic ancestry]
   423 | D:1      | Reached XP level 2. HP: 21/24 MP: 2/2
   902 | D:2      | Gained mutation: You are partially covered in sharp spines. [demonic ancestry]
   902 | D:2      | Reached XP level 3. HP: 10/29 MP: 3/3
   955 | D:2      | Reached skill level 5 in Unarmed Combat
   958 | D:2      | Gained mutation: You have a pair of small horns on your head. [demonic ancestry]
   958 | D:2      | Reached XP level 4. HP: 9/35 MP: 4/4
   960 | D:2      | HP: 1/35 [gnoll/halberd (5)]
  1069 | D:2      | Noticed Terence
  1081 | D:2      | Killed Terence
  1267 | D:2      | Reached XP level 5. HP: 41/41 MP: 5/5
  1293 | D:2      | Noticed Robin
  1306 | D:2      | Killed Robin
  1351 | D:2      | Reached skill level 6 in Unarmed Combat
  1428 | D:2      | Noticed Ijyb
  1445 | D:2      | Killed Ijyb
  2064 | D:3      | Reached XP level 6. HP: 36/47 MP: 6/6
  2198 | D:3      | Found an iron altar of Okawaru.
  2410 | D:3      | Reached skill level 7 in Unarmed Combat
  2425 | D:3      | Found an ancient bone altar of Kikubaaqudgha.
  2624 | D:4      | Slain by an ogre

Action                   |  1- 3 |  4- 6 || total
-------------------------+-------+-------++-------
Melee: Unarmed           |   101 |   148 ||   249
  Use: Potion            |     3 |       ||     3
 Stab: Sleeping          |     4 |     3 ||     7
  Eat: Chunk             |       |     6 ||     6
